 Dungeon Crawl Stone Soup version 0.29.1-15-g9cfb28693d (webtiles) character file.

Game seed: 5670958289335666459

119 promet the Magician (level 5, -1/29 HPs)
             Began as a Gargoyle Wanderer on Mar 15, 2023.
             Killed by divine providence
             ... invoked by an orc priest
              (14 damage)
             ... on level 3 of the Dungeon on Mar 16, 2023.
             The game lasted 00:16:04 (4313 turns).

promet the Magician (Gargoyle Wanderer)             Turns: 4313, Time: 00:16:05

Health: -1/29      AC:  8    Str: 15    XL:     5   Next: 3%
Magic:  10/10      EV: 11    Int: 15    God:
Gold:   129        SH:  0    Dex:  9    Spells: 8/10 levels left

rFire   + . .      SeeInvis .   a - +2 dagger (venom)
rCold   x . .      Faith    .   (no shield)
rNeg    + . .      Spirit   .   d - +0 leather armour
rPois   ∞          Reflect  .   t - +0 helmet
rElec   +          Harm     .   (no cloak)
rCorr   .          Rampage  .   (no gloves)
Will    .....                   (no boots)
Stlth   +.........              (no amulet)
HPRegen 0.09/turn               j - ring of fire
MPRegen 0.12/turn               (no ring)

@: no status effects
A: sickness immunity, AC +4, negative energy resistance 1, electricity
resistance, torment resistance 1, petrification resistance
a: no special abilities


You were on level 3 of the Dungeon.
You visited 1 branch of the dungeon, and saw 3 of its levels.

You collected 129 gold pieces.

Inventory:

Hand Weapons
 a - a +2 dagger of venom (weapon)
 b - a +0 sling
 g - a +0 dagger
 h - a +0 war axe
 p - a +1 dagger of speed
 q - a +0 spear
 v - a +0 dagger of draining
Missiles
 e - 31 stones
 o - 9 poisoned darts
 w - 3 boomerangs (quivered)
Armour
 d - a +0 leather armour (worn)
 r - the -1 cloak "Peab Xuqew" {rF+ rN+ rCorr}
   (You found it on level 3 of the Dungeon)

   rF:        It protects you from fire.
   rN:        It protects you from negative energy.
   rCorr:     It protects you from acid and corrosion.
 t - a +0 helmet (worn)
Jewellery
 j - a ring of fire (left hand)
 u - a +6 ring of intelligence
Scrolls
 k - 2 scrolls of amnesia
 n - a scroll of magic mapping
Potions
 c - 3 potions of brilliance
 f - a potion of attraction
 i - a potion of flight
 l - a potion of ambrosia
 m - a potion of curing {unknown}
 s - a potion of haste {unknown}


   Skills:
 * Level 1.6 Fighting
 + Level 1.0 Short Blades
 + Level 0.5 Axes
 + Level 2.1 Throwing
 + Level 1.8 Armour
 + Level 1.1 Dodging
 + Level 0.7 Stealth
 + Level 3.4 Spellcasting
 + Level 1.7 Hexes
 + Level 2.5 Necromancy
 * Level 0.1 Ice Magic


You had 8 spell levels left.
You knew the following spells:

 Your Spells              Type           Power      Damage    Failure   Level
a - Necrotise             Necr           40%        1d6       9%          1
b - Freeze                Ice            12%        1d4       22%         1

Your spell library contained the following spells:

 Spells                   Type           Power      Damage    Failure   Level
 Slow                     Hex            28%        N/A       12%         1
 Confusing Touch          Hex            7%         N/A       34%         3
 Frozen Ramparts          Ice            6%         1d1       54%         3
 Dispel Undead            Necr           10%        3d9       63%         4
 Corpse Rot               Necr/Pois/Air  5%         N/A       86%         4
 Hailstorm                Conj/Ice       2%         3d3       92%         4


Dungeon Overview and Level Annotations

Branches:
Dungeon (3/15)

Altars:


Innate Abilities, Weirdness & Mutations

You are immune to sickness and miasma.
Your stone body is resilient. (AC +4)
You are immune to poison.
You resist negative energy. (rN+)
You are resistant to electric shocks. (rElec)
You are resistant to unholy torment.
You are immune to petrification.


Message History

You shoot a sling bullet.
The sling bullet hits the orc priest but does no damage.
Fire: b) +0 sling
Press: ? - help, Q - select action, (/) - cycle Shift-Dir - straight line, f/p - orc priest
Aim: an orc priest, wielding a +0 mace and wearing a +1 chain mail of poison resistance (57% to hit)
You shoot a sling bullet.
The sling bullet hits the orc priest but does no damage.
Fire: b) +0 sling
Press: ? - help, Q - select action, (/) - cycle Shift-Dir - straight line, f/p - orc priest
Aim: an orc priest, wielding a +0 mace and wearing a +1 chain mail of poison resistance (57% to hit)
You shoot a sling bullet.
The sling bullet barely misses the orc priest.
Fire: b) +0 sling
Press: ? - help, Q - select action, (/) - cycle Shift-Dir - straight line, f/p - orc priest
Aim: an orc priest, wielding a +0 mace and wearing a +1 chain mail of poison resistance (57% to hit)
You shoot a sling bullet.
The sling bullet hits the orc priest but does no damage.
Your +2 dagger of venom begins to drip with poison!
a - a +2 dagger of venom (weapon)
The orc priest closely misses you.
You hit the orc priest.
The orc priest is moderately wounded.
The orc priest hits you with a +0 mace!
You closely miss the orc priest.
The orc priest is moderately wounded.
The orc priest hits you with a +0 mace.
You hit the orc priest but do no damage.
The orc priest is moderately wounded.
The orc priest hits you with a +0 mace.
You hit the orc priest.
The orc priest is poisoned.
The orc priest is heavily wounded.
The orc priest hits you with a +0 mace.
You are too injured to fight recklessly!
You are too injured to fight recklessly!
You are too injured to fight recklessly!
You hit the orc priest but do no damage.
The orc priest is heavily wounded.
The orc priest invokes the aid of Beogh against you.
Beogh smites you!
You die...

#.#.....[. #...
#.##.#....... ....
............. ...
####.#....... ... .....
#....... ######.####.###
#.......
##..............>.........
#.......)..#.########.####
#........@.#.# ....^ .
#.......o..#.# ..#.....
#..........#.# #........
#.(........#)# #. ##....
#..........#.# #. ..##
#..........#.#
#..........#.# .#
#..........#.# ..#
#..........#.# ..#


You could see an orc priest (very poisoned).

Vanquished Creatures
  3 gnolls (D:2)
  An adder (D:2)
  3 worms (D:2)
  3 dart slugs
  4 orcs
  5 endoplasms
  4 giant cockroaches
  5 goblins
  3 hobgoblins
  4 jackals (D:2)
  8 kobolds
  4 quokkas
  3 ball pythons
  6 bats
  A frilled lizard (D:1)
  3 rats
60 creatures vanquished.

Vanquished Creatures (collateral kills)
  A rat (D:1)
1 creature vanquished.

Grand Total: 61 creatures vanquished

Notes
Turn   | Place    | Note
-------+----------+-------------------------------------------
     0 | D:1      | promet the Gargoyle Wanderer began the quest for the Orb.
     0 | D:1      | promet set off with the following items: a +0 dagger, 13
                  | poisoned darts, a potion of brilliance, a +0 leather
                  | armour; and the following spells available to memorise:
                  | Necrotise, Slow, Confusing Touch, Dispel Undead, Corpse
                  | Rot.
     0 | D:1      | Reached XP level 1. HP: 10/10 MP: 4/4
   958 | D:1      | Reached XP level 2. HP: 14/15 MP: 6/6
  1732 | D:1      | Learned a level 1 spell: Necrotise
  1734 | D:1      | Found a faded altar of an unknown god.
  1755 | D:1      | Reached skill level 1 in Dodging
  2011 | D:1      | Reached XP level 3. HP: 20/20 MP: 7/7
  2016 | D:1      | Reached skill level 1 in Armour
  2195 | D:1      | Learned a level 1 spell: Freeze
  3032 | D:2      | Reached skill level 1 in Fighting
  3049 | D:2      | Reached XP level 4. HP: 14/25 MP: 9/9
  3927 | D:3      | Identified the -1 cloak "Peab Xuqew" {rF+ rN+ rCorr}
  3945 | D:3      | Noticed a scorpion
  4083 | D:3      | Reached skill level 1 in Short Blades
  4135 | D:3      | HP: 1/25 [frozen (7)]
  4184 | D:2      | Reached XP level 5. HP: 22/29 MP: 10/10
  4313 | D:3      | Killed from afar by an orc priest

Illustrated notes

Levels and vault maps discovered:
D:1:      dpeg_arrival_oval, layout_loops_corners,
          chequers_ecumenical_altar_island
D:2:      layout_loops_cross
D:3:      layout_basic, lemuel_doored_altar, serial_shops, shop,
          small_statue_intersection

Skill      XL: |  1  2  3  4 |
---------------+-------------+-----
Dodging        | 1 |  1.1
Armour         | 1 |  1.8
Fighting       | 1 |  1.6
Throwing       | 2 |  2.1
Short Blades   | 1 |  1.0
Axes           | |  0.5
Stealth        | |  0.7
Spellcasting   | |  3.4
Hexes          | |  1.7
Necromancy     | |  2.5
Ice Magic      | |  0.1

Action                   |  1- 3 |  4- 6 || total
-------------------------+-------+-------++-------
Melee: Dagger            |   174 |    90 ||   264
       War axe           |     5 |       ||     5
       Punch             |     1 |     1 ||     2
       Spear             |       |     6 ||     6
 Fire: Sling             |       |     7 ||     7
Throw: Dart              |    10 |     1 ||    11
       Stone             |       |     1 ||     1
 Cast: Necrotise         |     9 |     3 ||    12
       Freeze            |       |     4 ||     4
  Use: Scroll            |     8 |       ||     8
       Potion            |       |     1 ||     1
Armor: Leather armour    |    83 |    50 ||   133
Dodge: Dodged            |   136 |    51 ||   187
